 Dungeon Crawl Stone Soup version 0.29.0-10-g45618ea6d2 (webtiles) character file.

Game seed: 17083477337964331622

18146 SensoryNuts the Carver (level 12, -5/91 HPs)
             Began as a Demonspawn Fighter on Sept 2, 2022.
             Was a High Priest of Jiyva.
             Slain by a cane toad simulacrum (19 damage)
             ... in an ice cave.
             The game lasted 00:16:02 (11094 turns).

SensoryNuts the Carver (Demonspawn Fighter)        Turns: 11094, Time: 00:16:03

Health: -5/91      AC: 16    Str: 19    XL:     12   Next: 25%
Magic:  12/12      EV: 12    Int:  9    God:    Jiyva [*****.]
Gold:   961        SH:  0    Dex: 20    Spells: 11/11 levels left

rFire   . . .      SeeInvis +   a - +6 long sword
rCold   . . .      Faith    .   c - +0 buckler
rNeg    . . .      Spirit   .   d - +2 scale mail of Qurenilu {Dex+4}
rPois   +          Reflect  .   (no helmet)
rElec   .          Harm     .   x - +2 cloak
rCorr   +          Rampage  .   v - +2 pair of gloves
Will    .....                   (boots unavailable)
Stlth   +.........              i - amulet of regeneration
HPRegen 4.89/turn               y - ring of see invisible
MPRegen 0.58/turn               (no ring)

@: confused, mighty, ambrosia-drunk
A: hooves 3, large bone plates 1, foul stench 2, powered by pain 2, poison
resistance, regeneration 3, translucent skin 1, engulf
a: Renounce Religion, Oozemancy, Slimify


You were in an ice cave.
You worshipped Jiyva.
Jiyva was extremely pleased with you.
You visited 2 branches of the dungeon, and saw 14 of its levels.
You also visited: Ice Cave.

You collected 961 gold pieces.

Inventory:

Hand Weapons
 a - a +6 long sword (weapon)
Armour
 c - a +0 buckler (worn)
 d - the +2 scale mail of Qurenilu (worn) {Dex+4}
   (You found it on level 12 of the Dungeon)

   Dex:       It affects your dexterity (+4).
 v - a +2 pair of gloves (worn)
 x - a +2 cloak (worn)
Jewellery
 i - an amulet of regeneration (around neck)
 k - a +6 ring of intelligence
 u - a ring of positive energy
 y - a ring of see invisible (left hand)
Wands
 g - a wand of quicksilver (7)
 n - a wand of charming (6)
 o - a wand of iceblast (2)
 A - a wand of flame (22) (quivered)
Scrolls
 b - a scroll of butterflies
 h - a scroll of enchant weapon
 l - a scroll of noise
 m - a scroll of blinking
 q - 6 scrolls of teleportation
 r - 4 scrolls of magic mapping
 z - 4 scrolls of amnesia
Potions
 f - 2 potions of brilliance
 j - a potion of flight
 p - 2 potions of degeneration
 s - a potion of magic
 t - 2 potions of mutation
 B - 2 potions of attraction
 C - a potion of resistance
Miscellaneous
 w - a box of beasts


   Skills:
 + Level 7.6 Fighting
 * Level 13.8 Long Blades
 + Level 7.9 Armour
 + Level 4.3 Dodging
 + Level 1.0 Stealth
 + Level 7.1 Shields


You had 11 spell levels left.
You didn't know any spells.
Your spell library contained the following spells:

 Spells                   Type           Power      Damage    Failure   Level
 Magic Dart               Conj           0%         1d3       80%         1
 Shock                    Conj/Air       0%         1d3       80%         1
 Sting                    Tmut/Pois      0%         1d3       80%         1
 Call Imp                 Summ           0%         N/A       90%         2
 Poisonous Vapours        Pois/Air       0%         N/A       90%         2
 Inner Flame              Hex/Fire       0%         N/A       99%         3
 Mephitic Cloud           Conj/Pois/Air  0%         N/A       99%         3
 Swiftness                Air            0%         N/A       99%         3
 Airstrike                Air            0%         2d(0-16)  100%        4
 Cause Fear               Hex            0%         N/A       100%        4
 Olgreb's Toxic Radiance  Pois           0%         N/A       100%        4
 Freezing Cloud           Conj/Ice/Air   0%         6-21      100%        5
 Simulacrum               Ice/Necr       0%         N/A       100%        6
 Discord                  Hex            0%         N/A       100%        8
 Polar Vortex             Ice            0%         N/A       100%        9


Dungeon Overview and Level Annotations

Branches:
Dungeon (13/15)            Temple (0/1) D:5            Lair (1/5) D:10
    Orc (0/2) D:9           IceCv (1/1)
 Vaults: D:13-14

Altars:
Ashenzari
Cheibriados
Dithmenos
Kikubaaqudgha
Makhleb
Nemelex Xobeh
Qazlal
Ru
Yredelemnul
Jiyva

Shops:
D:5 [

Annotations:
D:13 Urug IceCv 1 transporter


Innate Abilities, Weirdness & Mutations

You have hooves in place of feet.
You are partially covered in large bone plates. (SH +4)
You sometimes emit foul miasma when damaged in melee.
You sometimes gain power by taking damage.
Your system is resistant to poisons. (rPois)
You regenerate.
Your translucent skin slightly reduces your foes' accuracy. (Stealth+)
Your melee attacks may engulf your foes in ooze.


Message History

The death yak simulacrum vaporises!
You slash the white ugly thing!
The white ugly thing is lightly wounded.
Your azure jelly hits the white ugly thing!
Your azure jelly freezes the white ugly thing!
The white ugly thing resists.
Your azure jelly hits the white ugly thing but does no damage.
Your azure jelly closely misses the white ugly thing.
Your azure jelly hits the white ugly thing but does no damage.
The white ugly thing stings you. The white ugly thing freezes you!
You slice the white ugly thing!!
You engulf the white ugly thing in ooze!
You kick the white ugly thing!
The white ugly thing is almost dead.
The white ugly thing is asphyxiated!
Your azure jelly hits the white ugly thing but does no damage.
Your azure jelly hits the white ugly thing.
The white ugly thing dies!
The cane toad simulacrum hits you but does no damage.
Your Stealth skill increases to level 1!
Found a transporter.
The cane toad simulacrum hits you! The cane toad simulacrum freezes you!
* * * LOW HITPOINT WARNING * * *
Unknown command.
Unknown command.
You are confused.
You feel invigorated.
The cane toad simulacrum hits you but does no damage.
Are you sure you want to stumble around while confused and next to the azure jelly?
This could place you under penance! [Y]es or [N]o only, please.
Are you sure you want to stumble around while confused and next to the azure jelly?
This could place you under penance! [Y]es or [N]o only, please.
Are you sure you want to stumble around while confused and next to the azure jelly?
This could place you under penance!
Okay, then.
Are you sure you want to stumble around while confused and next to the azure jelly?
This could place you under penance!
The cane toad simulacrum attacks as you move away!
The cane toad simulacrum hits you!
* * * LOW HITPOINT WARNING * * *
The cane toad simulacrum freezes you!!
You die...

#...###
#........##
..........##
...........##
.(..8.......#
8.$..Z......#
©©$$......∩∩#
8.)....JZ...#
.$..8..@....#
...........##
..........##
#........##
###...####
####


You could see a death yak simulacrum, a cane toad simulacrum (ally target) and a
friendly azure jelly (summoned).

Vanquished Creatures
  2 boulder beetles
  A centaur warrior (D:11)
  A two-headed ogre (D:11)
  Nergalle (Lair:1)
  Lodul (D:10)
  Pikel (D:5)
  A cyclops (D:12)
  A gargoyle (D:11)
  A black mamba (Lair:1)
  Maggie (D:9)
  A cane toad (Lair:1)
  A rime drake (Lair:1)
  A komodo dragon (Lair:1)
  2 trolls
  3 hornets
  Sigmund (D:5)
  3 shadows (D:9)
  A vampire (D:9)
  16 yaks
  2 wyverns
  7 vampire mosquitoes
  A death yak simulacrum (IceCv)
  2 steam dragons
  2 basilisks (D:12)
  An acid dragon (D:10)
  2 water moccasins (Lair:1)
  Duvessa (D:4)
  5 orc warriors
  2 sky beasts (D:7)
  A black bear (D:8)
  8 ogres (D:10)
  11 wolves (Lair:1)
  A centaur (D:10)
  4 phantoms
  A lemure (D:5)
  A kobold brigand (D:7)
  5 bullfrogs
  2 scorpions (D:6)
  3 necrophages
  8 wights
  Dowan (D:4)
  11 killer bees (D:9)
  3 troll zombies (D:9)
  A howler monkey (D:8)
  2 gnoll boudas
  5 jellies
  4 orc priests
  9 iguanas
  6 orc wizards
  5 ogre zombies (D:9)
  8 adders
  10 gnolls
  3 shadow imps
  3 white imps
  An ufetubus (D:6)
  3 worms (D:4)
  A dart slug (D:3)
  25 orcs
  12 ball pythons
  8 endoplasms
  4 giant cockroaches
  4 goblins
  4 hobgoblins
  3 quokkas
  3 bats
  2 frilled lizards
  A goblin skeleton (D:9)
  3 goblin zombies (D:9)
  2 hobgoblin skeletons (D:9)
  2 hobgoblin zombies (D:9)
  7 kobolds
  4 orc skeletons (D:9)
  13 orc zombies (D:9)
  4 rats
  A bush (D:3)
288 creatures vanquished.

Vanquished Creatures (collateral kills)
  An ugly thing (IceCv)
1 creature vanquished.

Vanquished Creatures (others)
  A troll (D:12)
  A slime creature (D:12)
  A wyvern (D:10)
  A human (D:5)
  A centaur (D:10)
  11 jellies
  An orc (D:9)
  4 fungi (Lair:1)
  29 plants
50 creatures vanquished.

Grand Total: 339 creatures vanquished

Notes
Turn   | Place    | Note
-------+----------+-------------------------------------------
     0 | D:1      | SensoryNuts the Demonspawn Fighter began the quest for the
                  | Orb.
     0 | D:1      | Reached XP level 1. HP: 18/18 MP: 1/1
   271 | D:1      | Gained mutation: You have large cloven feet. [demonic
                  | ancestry]
   271 | D:1      | Reached XP level 2. HP: 18/24 MP: 2/2
   370 | D:1      | Reached skill level 2 in Long Blades
   430 | D:1      | Noticed a shining eye
   431 | D:1      | Found a faded altar of an unknown god.
   433 | D:1      | Noticed a floating eye
   433 | D:1      | Noticed an eye of devastation
   433 | D:1      | Noticed a golden eye
  1492 | D:2      | Found a basalt altar of Yredelemnul.
  1529 | D:2      | Gained mutation: You have hoof-like feet. [demonic
                  | ancestry]
  1529 | D:2      | Reached XP level 3. HP: 29/29 MP: 3/3
  2102 | D:3      | Gained mutation: You are partially covered in large bone
                  | plates. (SH +4) [demonic ancestry]
  2102 | D:3      | Reached XP level 4. HP: 35/35 MP: 4/4
  2227 | D:3      | Reached skill level 3 in Long Blades
  2838 | D:4      | Found a shadowy altar of Dithmenos.
  2839 | D:4      | Identified the +9 dagger of Fate {venom, rPois Int+3 Dex+4}
  2968 | D:4      | Noticed a necrophage
  2981 | D:4      | Killed a necrophage
  2982 | D:4      | Gained mutation: You sometimes gain a little power by
                  | taking damage. [demonic ancestry]
  2982 | D:4      | Reached XP level 5. HP: 25/42 MP: 5/5
  3185 | D:4      | Noticed Duvessa
  3185 | D:4      | Noticed Dowan
  3196 | D:4      | Killed Duvessa
  3197 | D:4      | Reached skill level 4 in Long Blades
  3197 | D:4      | Gained mutation: You have hooves in place of feet. [demonic
                  | ancestry]
  3197 | D:4      | Reached XP level 6. HP: 25/48 MP: 6/6
  3198 | D:4      | Killed Dowan
  3584 | D:5      | Entered Level 5 of the Dungeon
  3665 | D:5      | Found an ancient bone altar of Kikubaaqudgha.
  3665 | D:5      | Noticed a human
  3668 | D:5      | Reached skill level 5 in Long Blades
  3668 | D:5      | Killed a human
  3704 | D:5      | Found a broken altar of Ashenzari.
  3707 | D:5      | Found Apnuos's Antique Armour Shop.
  3787 | D:5      | Reached XP level 7. HP: 54/54 MP: 7/7
  3863 | D:5      | Noticed Sigmund
  3872 | D:5      | Killed Sigmund
  3873 | D:5      | Reached skill level 1 in Dodging
  3956 | D:5      | Found a sparkling altar of Nemelex Xobeh.
  4079 | D:5      | Noticed Pikel
  4105 | D:5      | Killed Pikel
  4106 | D:5      | Reached skill level 7 in Long Blades
  4106 | D:5      | Gained mutation: You may rarely emit foul miasma when
                  | damaged in melee. [demonic ancestry]
  4106 | D:5      | Reached XP level 8. HP: 30/61 MP: 8/8
  4199 | D:5      | Found a staircase to the Ecumenical Temple.
  4343 | D:6      | Found a snail-covered altar of Cheibriados.
  4947 | D:6      | Reached skill level 8 in Long Blades
  5320 | D:7      | Gained mutation: You sometimes gain power by taking damage.
                  | [demonic ancestry]
  5320 | D:7      | Reached XP level 9. HP: 67/67 MP: 9/9
  5512 | D:7      | Reached skill level 5 in Armour
  5580 | D:7      | Reached skill level 5 in Fighting
  5719 | D:7      | Reached skill level 9 in Long Blades
  6015 | D:8      | Found a sacrificial altar of Ru.
  6143 | D:8      | Found a stormy altar of Qazlal.
  6546 | D:8      | Reached skill level 10 in Long Blades
  6549 | D:8      | Reached skill level 5 in Shields
  6607 | D:9      | Gained mutation: You sometimes emit foul miasma when
                  | damaged in melee. [demonic ancestry]
  6607 | D:9      | Reached XP level 10. HP: 66/74 MP: 10/10
  6637 | D:9      | Found a staircase to the Orcish Mines.
  6796 | D:9      | Found a viscous altar of Jiyva.
  6821 | D:9      | Became a worshipper of Jiyva Joeripop the Shapeless
  6897 | D:9      | Noticed Maggie
  6905 | D:9      | Killed Maggie
  7162 | D:9      | Reached skill level 11 in Long Blades
  7279 | D:9      | Reached * piety under Jiyva
  7638 | D:9      | Paralysed by a hornet for 1 turns
  7742 | D:9      | Reached ** piety under Jiyva
  8076 | D:10     | Entered Level 10 of the Dungeon
  8266 | D:10     | Found a burning altar of Makhleb.
  8398 | D:10     | Found a staircase to the Lair.
  8693 | D:10     | Reached XP level 11. HP: 79/83 MP: 11/11
  8717 | D:10     | Noticed Lodul
  8763 | D:10     | Killed Lodul
  8764 | D:10     | Reached skill level 12 in Long Blades
  9300 | D:11     | Reached *** piety under Jiyva
  9554 | D:11     | Noticed a centaur warrior
  9560 | D:11     | Killed a centaur warrior
  9585 | D:11     | Gained mutation: Your melee attacks may engulf your foes in
                  | ooze. [Jiyva's grace]
  9585 | D:11     | Gained mutation: Your translucent skin slightly reduces
                  | your foes' accuracy. (Stealth+) [Jiyva's grace]
  9585 | D:11     | Gained mutation: Your translucent skin reduces your foes'
                  | accuracy. (Stealth+) [Jiyva's grace]
  9585 | D:11     | Gained mutation: Your transparent skin significantly
                  | reduces your foes' accuracy. (Stealth+) [Jiyva's grace]
  9671 | D:11     | Noticed a boulder beetle
  9700 | D:11     | Killed a boulder beetle
  9885 | D:12     | Noticed a two-headed ogre
  9897 | D:11     | Killed a two-headed ogre
  9907 | D:11     | Reached skill level 13 in Long Blades
 10026 | D:12     | Noticed a boulder beetle
 10039 | D:12     | Killed a boulder beetle
 10123 | D:12     | Identified the +2 scale mail of Qurenilu {Dex+4}
 10133 | D:12     | Reached **** piety under Jiyva
 10420 | D:13     | Noticed Urug
 10618 | Lair:1   | Entered Level 1 of the Lair of Beasts
 10637 | Lair:1   | Noticed Nergalle
 10646 | Lair:1   | Killed Nergalle
 10663 | Lair:1   | Reached XP level 12. HP: 91/91 MP: 12/12
 10791 | Lair:1   | Identified the +6 sling "Erhoh" {freeze, rF+}
 10980 | Lair:1   | Lost mutation: Your transparent skin significantly reduces
                  | your foes' accuracy. (Stealth+) [Jiyva's grace]
 10980 | Lair:1   | Lost mutation: Your translucent skin reduces your foes'
                  | accuracy. (Stealth+) [Jiyva's grace]
 10980 | Lair:1   | Gained mutation: Your natural rate of healing is unusually
                  | fast. [Jiyva's grace]
 10980 | Lair:1   | Gained mutation: You heal very quickly. [Jiyva's grace]
 10980 | Lair:1   | Gained mutation: You regenerate. [Jiyva's grace]
 10980 | Lair:1   | Gained mutation: Your system is resistant to poisons.
                  | (rPois) [Jiyva's grace]
 10995 | Lair:1   | Reached ***** piety under Jiyva
 11047 | Lair:1   | Found a frozen archway.
 11083 | IceCv    | Entered an ice cave
 11092 | IceCv    | Reached skill level 1 in Stealth
 11092 | IceCv    | Found a transporter.
 11094 | IceCv    | Slain by a cane toad simulacrum

Illustrated notes

Levels and vault maps discovered:
D:1:      zelgadis_glass_arrival_large, layout_basic,
          hellmonk_ecumenical_altar_watching_god
D:2:      layout_basic, basic_altar
D:3:      layout_basic, serial_forest, infiniplex_forest_fountain,
          infiniplex_forest_end_double, infiniplex_forest_straight_2,
          infiniplex_forest_clump_medium, infiniplex_forest_lined_1,
          infiniplex_forest_clump_double, infiniplex_forest_straight_5
D:4:      layout_basic, nicolae_dithmenos_through_a_glass_darkly,
          mainiacjoe_overflow_alcove_2, skrybe_limestone_x,
          kennysheep_small_square, uniq_duvessa
D:5:      layout_basic, tgw_kikubaaqudgha, overflow_temple_1_default,
          nemelex_altar_shiori, minmay_temple_entry_nine_rooms, serial_shops,
          shop, uniq_pikel, uniq_sigmund
D:6:      layout_loops_ring, mainiacjoe_overflow_boulevard,
          serial_co_window_serial, co_window_cross_1, co_window_corner_a,
          co_window_corner_a, co_window_of_opportunity_a, co_window_paths_b,
          co_window_paths_a, co_window_corner_a, co_window_corner_a,
          co_window_paths_b, co_window_broadway_a, co_window_of_opportunity_c,
          co_window_broadway_c, co_window_unsneaky_path_b, co_window_paths_d,
          glass_columns_a, glass_columns_c
D:7:      layout_rooms, minivault_11, grunt_ministairs_4
D:8:      layout_rooms, mainiacjoe_overflow_small_starburst,
          mainiacjoe_overflow_large_starburst
D:9:      layout_stronghold, zombieorc2_lemuel, jiyva_altar_1, uniq_maggie
D:10:     layout_loops_ring, lightli_temple_of_fire, lair_entry_dummy,
          amcnicky_mini_pool_medium, uniq_lodul
D:11:     layout_roguey
D:12:     layout_cave_pools
D:13:     layout_grid_maze, grunt_vaults_entry_fortified, serial_shops,
          nicolae_square_shop, serial_bayou_crossing, uniq_nessos, uniq_frances,
          uniq_erolcha, uniq_urug
Lair:1:   wad_woods_pond, layout_gridlike, portal_ice_cave_entry_pillars_2,
          lemuel_fruit_tree, uniq_nergalle
IceCv:    ice_cave_statue_garden_transporter

Skill      XL: |  1  2  3  4  5  6  7  8  9 10 11 12 |
---------------+-------------------------------------+-----
Long Blades    | 2 3 4 5 7 8 10 11 13 | 13.8
Armour         | 3 4 5 6 7 |  7.9
Shields        | 3 4 5 6 7 |  7.1
Fighting       | 4 5 6 7 |  7.6
Dodging        | 1 2 3 4 |  4.3
Stealth        | 1 |  1.0

Action                   |  1- 3 |  4- 6 |  7- 9 | 10-12 || total
-------------------------+-------+-------+-------+-------++-------
Melee: Long sword        |   109 |   160 |   330 |   588 ||  1187
       Kick              |     9 |    13 |   100 |   205 ||   327
  Use: Scroll            |     9 |     5 |     7 |    12 ||    33
       Potion            |       |     1 |     5 |     5 ||    11
 Stab: Sleeping          |       |       |       |     1 ||     1
       Distracted        |       |       |       |     1 ||     1
Armor: Scale mail        |    59 |    31 |   142 |   228 ||   460
Dodge: Dodged            |    43 |    37 |   135 |   299 ||   514
Block: Buckler           |    25 |    49 |   149 |   263 ||   486
